 Dungeon Crawl Stone Soup version 0.25-a0-443-gece2dee8bd (webtiles) character file.

Game seed: 17042704451156914936, levelgen mode: deterministic

108801 dotty the Severer (level 16, -11/190 HPs)
             Began as a Demonspawn Berserker on Jan 29, 2020.
             Was an Elder of Trog.
             Killed from afar by Nikola (32 damage)
             ... with a chain lightning
             ... on level 2 of the Spider Nest on Jan 30, 2020.
             The game lasted 03:19:36 (25096 turns).

dotty the Severer (Demonspawn Berserker)           Turns: 25096, Time: 03:19:36

Health: -11/190    AC: 26    Str: 36    XL:     16   Next: 3%
Magic:  16/16      EV: 10    Int:  9    God:    Trog [****..]
Gold:   2326       SH: 22    Dex: 13    Spells: 15/15 levels left

rFire    . . .     SeeInvis +   E - +7 broad axe (drain)
rCold    + . .     Gourm    .   s - +1 shield
rNeg     . . .     Faith    .   w - +0 plate armour
rPois    +         Spirit   .   (helmet restricted)
rElec    .         Reflect  +   v - +0 cloak {rPois}
rCorr    +         Harm     .   H - +2 pair of gloves {Str+3}
MR       +++..                  (no boots)
Stlth    ..........             d - +6 amulet of reflection
HPRegen  1.41/turn              T - ring of see invisible
MPRegen  0.15/turn              N - ring "Zobb" {AC+3 Str+4}

@: berserking, regenerating, very quick
A: antennae 1, yellow scales 3, cold resistance 1, powered by death 3, freezing
cloud immunity
a: Berserk, Trog's Hand, Brothers in Arms, Renounce Religion


You were on level 2 of the Spider Nest.
You worshipped Trog.
Trog was greatly pleased with you.
You were very hungry.

You visited 4 branches of the dungeon, and saw 25 of its levels.
You also visited: Sewer.

You collected 2660 gold pieces.
You spent 334 gold pieces at shops.

Inventory:

Hand Weapons
 r - the +10 war axe of Equivalence {vorpal, Int+3 Dex+5}
   (Trog gifted it to you on level 6 of the Lair of Beasts)

   It inflicts extra damage upon your enemies.
   It affects your intelligence (+3).
   It affects your dexterity (+5).
 E - a +7 broad axe of draining (weapon)
 O - a +3 vorpal hand crossbow
Missiles
 k - 226 bolts
 t - 36 boomerangs
 z - 4 silver boomerangs
 X - a javelin (quivered)
Armour
 s - a +1 shield (worn)
 v - a +0 cloak of poison resistance (worn)
 w - a +0 plate armour (worn)
 H - a +2 pair of gloves of strength (worn)
Jewellery
 d - a +6 amulet of reflection (around neck)
 q - a +3 ring of protection
 N - the ring "Zobb" (right hand) {AC+3 Str+4}
   (You found it on level 11 of the Dungeon)

   [ring of protection]

   It affects your AC (+3).
   It affects your strength (+4).
 R - an uncursed ring of protection from fire
 T - a ring of see invisible (left hand)
Wands
 a - a wand of disintegration (65)
 p - a wand of paralysis (23)
 C - a wand of clouds (1)
 D - a wand of iceblast (7)
 G - a wand of polymorph (10)
 I - a wand of scattershot (6)
 L - a wand of flame (26)
 P - a wand of digging (14)
 V - a wand of acid (8)
Scrolls
 e - 7 scrolls of teleportation
 i - 3 scrolls of magic mapping
 l - 6 scrolls of remove curse
 x - 2 scrolls of blinking
 y - 3 scrolls of identify
 A - a scroll of fog
 F - 2 scrolls of summoning
 U - a scroll of immolation
 Z - 3 scrolls of fear
Potions
 b - 3 potions of heal wounds
 f - 2 potions of brilliance
 g - a potion of cancellation
 h - a potion of ambrosia
 m - 8 potions of curing
 n - 7 potions of flight
 o - 2 potions of haste
 u - a potion of agility
 J - 3 potions of mutation
 K - a potion of resistance
 Q - 2 potions of berserk rage
 Y - a potion of invisibility
Miscellaneous
 B - a box of beasts
 M - a fan of gales
 S - a lightning rod (4/4)
Comestibles
 c - 56 rations
 j - 2 chunks of flesh


   Skills:
 + Level 11.7 Fighting
 + Level 16.6 Axes
 + Level 2.3 Crossbows
 + Level 3.9 Throwing
 + Level 9.7 Armour
 + Level 4.2 Dodging
 + Level 1.9 Stealth
 + Level 13.4 Shields
 + Level 1.0 Evocations


You had 15 spell levels left.
You didn't know any spells.
Your spell library was empty.

Dungeon Overview and Level Annotations

Branches:
Dungeon (15/15)            Temple (0/1) D:5            Lair (6/6) D:9
 Shoals (0/4) Lair:3       Spider (2/4) Lair:2        Slime (0/5) Lair:6
    Orc (2/2) D:9             Elf (0/3) Orc:2        Vaults (0/5) D:14
 Depths (0/5) D:15          Sewer (visited)

Altars:
Cheibriados
Fedhas
Ru
Beogh

Shops:
D:4 (*   Orc:1 ?   Orc:2 (:*[

Portals:
Abyss: Lair:6

Annotations:
Lair:2 exclusion: oklob plant
Lair:6 2 transporters, Killmatronix's ghost, journeyman SpHu
Spider:2 Nikola


Innate Abilities, Weirdness & Mutations

You have a pair of small antennae on your head.
You are completely covered in yellow scales. (AC +4, rCorr)
Your flesh is cold resistant. (rC+)
You regenerate a lot of health from kills.
You are immune to freezing clouds.


Message History

You feel yourself moving faster!
You feel mighty!
You are feeling hungry.
A wolf spider comes into view.
Unknown command.
You carve Nikola like a ham!!!
Nikola is moderately wounded.
You are feeling very hungry.
You hear an angry hiss. x2; You hear a hideous shriek!
Nikola gestures wildly while chanting.
Nikola blinks!
Nikola says, "There's a spark of magic in your eyes."
You feel a strong urge to attack something.
Nikola mumbles some strange words.
You hear a mighty clap of thunder!
The lightning arc hits you!!
* * * LOW HITPOINT WARNING * * *
The lightning arc hits Nikola.
The lightning arc hits you!
* * * LOW HITPOINT WARNING * * *
The lightning arc hits Nikola.
The lightning arc hits you!!
You die...

#(^†....#..(%....
#.......#........
#####.#..†^##..##...
.^......††..#......
................##
....(.(..........#
.............†...# .
......##....[....#.s..
.#.^..#....@......#
#.....#..............s
.>...###^.#..#........
...##.....%..@........
.^......?.†.######....
..^...#.### .ss°
##.##..s. .#. #^.
..... # # .......


You could see Nikola and a wolf spider.

Vanquished Creatures
  Jorgrun (Spider:1)
  2 orc warlords
  A dire elephant (Lair:6)
  Snorg (Lair:5)
  An ettin (shapeshifter) (D:14)
  The ghost of Feuff the Harbinger of Death, a journeyman MiFi of Yredelemnul (Lair:3)
  10 hydras
  4 two-headed ogres
  A centaur warrior (D:15)
  3 death yaks (Lair:6)
  2 orc high priests (Orc:2)
  Urug (Lair:5)
  A vampire mage (D:15)
  A spark wasp zombie (D:15)
  A wizard (D:14)
  6 skeletal warriors
  4 unseen horrors
  4 orc knights
  A necromancer (D:15)
  2 cyclopes
  7 wolf spiders
  6 orb spiders
  3 orc sorcerers
  2 deep elf magi
  2 manticores
  Maurice (D:9)
  8 elephants
  4 black mambas
  A guardian serpent (D:13)
  A gargoyle (D:10)
  2 torpor snails
  11 spiny frogs
  An efreet (D:14)
  5 kobold demonologists
  3 demonic crawlers (Spider:1)
  4 rime drakes
  2 komodo dragons
  12 trolls
  17 polar bears
  6 meliai
  Grinder (D:6)
  13 jumping spiders
  9 blink frogs
  8 hippogriffs
  4 raiju (Lair:6)
  6 slime creatures (D:15)
  5 dream sheep (Lair:6)
  An ettin zombie (D:15)
  A fire dragon zombie (D:15)
  25 redbacks
  A centaur simulacrum (D:14)
  11 tarantellas
  2 wyverns
  42 yaks
  3 fire elementals (D:15)
  A human (D:7)
  4 basilisks
  4 hogs (D:7)
  7 vampire mosquitoes
  Edmund (D:5)
  3 hungry ghosts
  A steam dragon (D:13)
  Grum (Lair:1)
  11 wargs
  A tengu zombie (D:15)
  12 hell hounds
  8 water moccasins
  8 porcupines
  33 orc warriors
  2 eyes of draining
  10 sky beasts
  21 black bears
  2 necrophages
  12 ogres
  3 phantoms
  2 ice beasts
  24 wolves
  The ghost of PigIron the Chopper, an amateur DsBe of Trog (D:3)
  13 centaurs
  13 crocodiles
  5 big kobolds
  Blork the orc (Orc:2)
  22 bullfrogs
  4 scorpions
  20 killer bees
  7 wights
  2 electric eels
  3 howler monkeys
  10 crimson imps
  2 centaur zombies
  4 bullfrog zombies
  7 jellies
  4 bullfrog skeletons
  25 orc priests
  6 hounds
  37 orc wizards
  Crazy Yiuf (D:4)
  Jessica (D:3)
  2 centaur skeletons
  6 iguanas
  10 worker ants
  3 hound skeletons
  A worker ant zombie (D:10)
  12 adders
  9 shadow imps
  16 oozes
  An adder zombie (D:5)
  4 adder skeletons (D:7)
  5 worms
  4 dart slugs
  15 leopard geckos
  81 orcs
  9 ball pythons
  5 bats
  16 giant cockroaches
  7 goblins
  12 hobgoblins
  15 jackals
  6 quokkas
  17 frilled lizards
  A jackal skeleton (D:4)
  13 kobolds
  A leopard gecko zombie (D:5)
  A quokka zombie (D:9)
  6 rats
  A butterfly (Lair:1)
  4 fungi
  3 plants (Lair:6)
  A withered plant (D:15)
924 creatures vanquished.

Vanquished Creatures (collateral kills)
  Azrael (D:15)
  A two-headed ogre (D:15)
  A kobold demonologist (D:15)
  A hell hound (D:15)
  A big kobold (D:15)
  A kobold (D:15)
6 creatures vanquished.

Vanquished Creatures (others)
  A hydra (Lair:6)
  2 centaur warriors
  A rime drake (Lair:6)
  A redback (Spider:2)
  2 orc warriors
  5 centaurs
  A quokka (D:11)
  A kobold (D:15)
  3 fungi
  10 plants
  A withered plant (D:15)
28 creatures vanquished.

Grand Total: 958 creatures vanquished

Notes
Turn   | Place    | Note
-------+----------+-------------------------------------------
     0 | D:1      | dotty the Demonspawn Berserker began the quest for the Orb.
     0 | D:1      | Reached XP level 1. HP: 18/18 MP: 1/1
   400 | D:1      | Gained mutation: You are partially covered in yellow
                  | scales. (AC +2) [demonic ancestry]
   400 | D:1      | Reached XP level 2. HP: 14/24 MP: 2/2
   722 | D:1      | Reached skill level 3 in Axes
  1103 | D:1      | Gained mutation: You have a pair of small antennae on your
                  | head. [demonic ancestry]
  1103 | D:1      | Reached XP level 3. HP: 29/29 MP: 3/3
  1150 | D:1      | You fall into a shaft and drop 1 floor!
  1191 | D:2      | Gained mutation: You regenerate a little health from kills.
                  | [demonic ancestry]
  1191 | D:2      | Reached XP level 4. HP: 28/37 MP: 4/4
  1330 | D:2      | Reached ** piety under Trog
  2236 | D:3      | Noticed Jessica
  2247 | D:3      | Reached XP level 5. HP: 42/42 MP: 5/5
  2250 | D:3      | Reached skill level 4 in Axes
  2265 | D:3      | Killed Jessica
  2372 | D:3      | Found a runed translucent door.
  2378 | D:3      | Noticed PigIron's ghost (amateur DsBe)
  2445 | D:3      | Found a faded altar of an unknown god.
  2720 | D:3      | Found a blossoming altar of Fedhas.
  2858 | D:3      | Reached XP level 6. HP: 48/48 MP: 6/6
  2873 | D:3      | Killed PigIron's ghost
  2989 | D:4      | Found Yrukh's General Store.
  2998 | D:4      | Bought a scroll of identify for 26 gold pieces
  3009 | D:4      | Reached skill level 5 in Axes
  3072 | D:4      | Reached skill level 1 in Shields
  3228 | D:4      | Found Uxzoecail's Weapon Shop.
  3443 | D:4      | Gained mutation: Your flesh is cold resistant. (rC+)
                  | [demonic ancestry]
  3443 | D:4      | Reached XP level 7. HP: 55/55 MP: 7/7
  3722 | D:4      | Found a runed translucent door.
  3723 | D:4      | Noticed Crazy Yiuf
  3730 | D:4      | Killed Crazy Yiuf
  3879 | D:5      | Entered Level 5 of the Dungeon
  4097 | D:5      | Found a staircase to the Ecumenical Temple.
  4119 | D:5      | Noticed Edmund
  4138 | D:5      | Killed Edmund
  4219 | D:5      | Reached skill level 6 in Axes
  4303 | D:5      | Gained mutation: You regenerate health from kills. [demonic
                  | ancestry]
  4303 | D:5      | Reached XP level 8. HP: 61/61 MP: 8/8
  4390 | D:5      | You fall into a shaft and drop 1 floor!
  4402 | D:6      | Noticed Grinder
  4419 | D:6      | Reached skill level 5 in Fighting
  4700 | D:6      | Killed Grinder
  4773 | D:6      | Reached skill level 7 in Axes
  4871 | D:6      | Found a glowing drain.
  4873 | D:6      | Reached *** piety under Trog
  4893 | Sewer    | Entered a sewer
  5148 | Sewer    | Reached **** piety under Trog
  5430 | D:6      | Reached XP level 9. HP: 68/68 MP: 9/9
  6214 | D:7      | Reached skill level 8 in Axes
  6223 | D:7      | Reached skill level 5 in Armour
  6227 | D:7      | Reached skill level 5 in Shields
  6765 | D:7      | Found a sacrificial altar of Ru.
  7308 | D:7      | Reached skill level 1 in Throwing
  7386 | D:7      | Reached ***** piety under Trog
  7386 | D:7      | Received a gift from Trog
  7521 | D:7      | Reached skill level 9 in Axes
  7521 | D:7      | Gained mutation: You regenerate a lot of health from kills.
                  | [demonic ancestry]
  7521 | D:7      | Reached XP level 10. HP: 76/76 MP: 10/10
  8733 | D:9      | Found a staircase to the Lair.
  8800 | D:9      | Reached skill level 10 in Axes
  8840 | D:9      | Noticed Maurice
  8849 | D:9      | Killed Maurice
  8893 | D:9      | Found a staircase to the Orcish Mines.
  8909 | D:9      | Received a gift from Trog
  9206 | D:9      | Reached XP level 11. HP: 83/83 MP: 11/11
  9397 | D:9      | Noticed a centaur warrior
  9399 | D:9      | Killed a centaur warrior
  9523 | D:9      | Reached skill level 11 in Axes
  9758 | D:10     | Entered Level 10 of the Dungeon
 10273 | D:10     | Killed an unseen horror
 10860 | D:11     | Received a gift from Trog
 10921 | D:11     | Reached skill level 12 in Axes
 10962 | D:11     | Got a translucent mace
 10963 | D:11     | Identified the +5 mace "Idoefil" {vorpal, Str+4 Dex+4
                  | Stlth-} (You found it on level 11 of the Dungeon)
 11178 | D:11     | Reached XP level 12. HP: 91/91 MP: 12/12
 11239 | D:11     | Noticed a four-headed hydra
 11247 | D:11     | Killed a one-headed hydra
 11259 | D:11     | Got an ancient bronze ring
 11271 | D:11     | Identified the Catalogue of Kismet
 11646 | Lair:1   | Entered Level 1 of the Lair of Beasts
 11648 | Lair:1   | Noticed Grum
 11671 | Lair:1   | Reached skill level 1 in Stealth
 11673 | Lair:1   | Killed Grum
 11756 | Lair:1   | Reached skill level 1 in Crossbows
 11871 | Lair:1   | Received a gift from Trog
 12506 | Lair:2   | Found a hole to the Spider Nest.
 12531 | Lair:2   | Noticed a five-headed hydra
 12578 | Lair:2   | Found a snail-covered altar of Cheibriados.
 12587 | Lair:2   | Killed a two-headed hydra
 12682 | Lair:2   | Reached skill level 13 in Axes
 12795 | Lair:2   | Reached skill level 10 in Shields
 13221 | Lair:3   | Gained mutation: You are mostly covered in yellow scales.
                  | (AC +3) [demonic ancestry]
 13221 | Lair:3   | Reached XP level 13. HP: 99/99 MP: 13/13
 13485 | Lair:3   | Found a staircase to the Shoals.
 13547 | Lair:3   | Found a gate leading to a gauntlet.
 13642 | Lair:3   | Found a runed translucent door.
 13642 | Lair:3   | Noticed Feuff's ghost (journeyman MiFi)
 13659 | Lair:3   | Killed Feuff's ghost
 13950 | Lair:4   | Received a gift from Trog
 13951 | Lair:4   | Got a jewelled broad axe {god gift}
 13952 | Lair:4   | Identified the +4 broad axe of Jogedad {vorpal, +Fly rC-
                  | Dex+3 SInv} (Trog gifted it to you on level 4 of the Lair
                  | of Beasts)
 14862 | Lair:4   | Identified the ring "Zobb" {AC+3 Str+4} (You found it on
                  | level 11 of the Dungeon)
 15101 | Lair:5   | Reached skill level 14 in Axes
 15512 | Lair:5   | Noticed Urug
 15515 | Lair:5   | Noticed Snorg
 15523 | Lair:5   | Killed Urug
 15531 | Lair:5   | Killed Snorg
 15978 | Lair:6   | Entered Level 6 of the Lair of Beasts
 15978 | Lair:6   | Found a transporter.
 16167 | Lair:6   | Reached skill level 10 in Fighting
 16220 | Lair:6   | Found a staircase to the Slime Pits.
 16454 | Lair:6   | Reached XP level 14. HP: 109/109 MP: 14/14
 16564 | Lair:6   | Noticed Killmatronix's ghost (journeyman SpHu)
 16564 | Lair:6   | Found a one-way gate to the infinite horrors of the Abyss.
 16572 | Lair:6   | Noticed a cacodemon
 16611 | Lair:6   | Found a transporter.
 17277 | Lair:6   | Reached skill level 15 in Axes
 17342 | Lair:6   | Received a gift from Trog
 17355 | Lair:6   | Got a translucent war axe {god gift}
 17356 | Lair:6   | Identified the +10 war axe of Equivalence {vorpal, Int+3
                  | Dex+5} (Trog gifted it to you on level 6 of the Lair of
                  | Beasts)
 17996 | D:12     | Got a black opal-encrusted scale mail
 18020 | D:12     | Identified the +6 scale mail "Syick" {-Tele +Fly rC+++
                  | Int-4} (You found it on level 12 of the Dungeon)
 19404 | D:13     | Received a gift from Trog
 19805 | D:13     | Upgraded the game from 0.25-a0-435-g4b9beb1024 to
                  | 0.25-a0-443-gece2dee8bd
 20174 | D:14     | Gained mutation: You are immune to freezing clouds.
                  | [demonic ancestry]
 20174 | D:14     | Reached XP level 15. HP: 110/116 MP: 15/15
 20500 | D:14     | Found a gate to the Vaults.
 20582 | D:15     | Entered Level 15 of the Dungeon
 20582 | D:15     | Noticed Azrael
 20595 | D:15     | Killed Azrael
 20760 | D:15     | Found a staircase to the Depths.
 21831 | Orc:1    | Entered Level 1 of the Orcish Mines
 21843 | Orc:1    | Noticed an orc warlord
 21865 | Orc:1    | Killed an orc warlord
 21865 | Orc:1    | Reached skill level 16 in Axes
 21929 | Orc:2    | Entered Level 2 of the Orcish Mines
 21971 | Orc:2    | Reached skill level 1 in Evocations
 22066 | Orc:2    | Noticed Blork the orc
 22103 | Orc:2    | Killed Blork the orc
 22125 | Orc:2    | Found a roughly hewn altar of Beogh.
 22125 | Orc:2    | Noticed an orc warlord
 22132 | Orc:2    | Paralysed by an orc sorcerer for 5 turns
 22164 | Orc:2    | Killed an orc warlord
 22262 | Orc:2    | Received a gift from Trog
 22306 | Orc:2    | Found a staircase to the Elven Halls.
 22384 | Orc:2    | Found Omoluoc's Antique Armour Shoppe.
 22389 | Orc:2    | Found Qoowne's Book Shoppe.
 22402 | Orc:2    | Found Uchelisi's Antique Weapon Shoppe.
 22492 | Orc:2    | Found Eseohuz's General Store.
 23172 | Orc:1    | Found Wooxog's Magic Scroll Shop.
 23179 | Orc:1    | You fall into a shaft and drop 1 floor!
 23272 | Orc:1    | Bought a scroll of blinking for 105 gold pieces
 23272 | Orc:1    | Bought a scroll of teleportation for 42 gold pieces
 23272 | Orc:1    | Bought a scroll of summoning for 133 gold pieces
 23272 | Orc:1    | Bought a scroll of identify for 28 gold pieces
 23888 | Spider:1 | Entered Level 1 of the Spider Nest
 24207 | Spider:1 | Received a gift from Trog
 24560 | Spider:1 | Noticed Jorgrun
 24571 | Spider:1 | Killed Jorgrun
 25001 | Spider:2 | Noticed Nikola
 25022 | Spider:2 | Gained mutation: You are completely covered in yellow
                  | scales. (AC +4, rCorr) [demonic ancestry]
 25022 | Spider:2 | Reached XP level 16. HP: 127/127 MP: 16/16
 25096 | Spider:2 | Killed from afar by Nikola

Levels and vault maps discovered:
D:1:      dpeg_arrival_prison, layout_loops_ring, ebering_dispersal_statue_hall
D:2:      layout_loops_ring
D:3:      layout_loops_ring, fedhas_altar_1, chequers_ecumenical_altar_island,
          ebering_ghost_sewer_d, first_ration, uniq_jessica
D:4:      layout_basic, serial_shops, nicolae_shop_stone, shop,
          uniq_crazy_yiuf_cottage
D:5:      layout_loops_corners, minmay_temple_entry_antechambers,
          nicolae_qazlal_eye_of_the_storm, uniq_edmund
D:6:      layout_basic, serial_glass, glass_columns_a, glass_columns_c,
          glass_columns_a, cheibrodos_sewer_entry_sluice, uniq_grinder
D:7:      minmay_chambers_of_fours, layout_loops_corners, grunt_livestock,
          corexii_item_surrounded_by_moat, kennysheep_flooded_box,
          chequers_serial_rivers_marsh
D:8:      minmay_the_grid_square_5x5_3x3 [minmay_the_grid_square_5x5_moneybag,
          minmay_the_grid_square_5x5_spiral_small,
          minmay_the_grid_square_5x5_meh,
          minmay_the_grid_square_5x5_pentomino_r,
          minmay_the_grid_square_5x5_megaprize_hollow,
          minmay_the_grid_square_5x5_eight,
          minmay_the_grid_square_5x5_six_small,
          minmay_the_grid_square_5x5_minivault,
          minmay_the_grid_square_5x5_three_small], layout_loops_ring,
          kennysheep_small_spiral, grunt_ministairs_12, minmay_misc_feat_cross
D:9:      layout_basic, lair_entry_dummy, minmay_orc_entry_guard_dogs,
          uniq_maurice
D:10:     layout_loops_ring
D:11:     layout_cave_pools, minmay_pinched_square
D:12:     layout_basic
D:13:     layout_loops_ring, kennysheep_cross_room,
          nrook_guardian_serpent_double
D:14:     layout_cave_pools, david_vaults_1, minmay_misc_feat_columns
D:15:     gammafunk_depths_entry_grave, layout_basic,
          portal_ice_cave_entry_pillars_1, minmay_misc_feat_four_crosses,
          minmay_door_square, grunt_ministairs_4, uniq_azrael
Lair:1:   beast_lair_carwin_large_3, layout_chaotic_city,
          nicolae_quartered_pool_medium, wad_woods_road_05, grunt_megastairs_3,
          lemuel_fruit_fields, lemuel_fruit_tree, uniq_grum
Lair:2:   layout_misc_corridors, spider_nest_entry_webs,
          minmay_stone_trees_medium, lemuel_oklob_altar
Lair:3:   layout_chaotic_city, elwin_shoals_entry_rocks,
          ebering_ghost_inner_flame, gauntlet_entry_generic
Lair:4:   layout_gridlike, lemuel_fruit_fields, serial_bayou_shore_a,
          lemuel_fruit_fields
Lair:5:   layout_cave_pods, small_statue_intersection,
          cheibrodos_lair_lostbears, uniq_snorg, uniq_urug
Lair:6:   hangedman_lair_caniforms_friends, layout_loops_ring,
          nicolae_slime_entry_slimehenge, gammafunk_ghost_abyssal_escape,
          minivault_11, serial_bayou_shore_b
Spider:1: layout_spider_delve, uniq_jorgrun
Spider:2: layout_spider_delve, hangedman_spider_trapstep, uniq_nikola
Orc:1:    layout_diamond_mine, serial_shops, shop
Orc:2:    grunt_orc_cross, layout_diamond_mine, nicolae_orc_rockfall,
          uniq_donald

Skill      XL: |  1  2  3  4  5  6  7  8  9 10 11 12 13 14 15 |
---------------+----------------------------------------------+-----
Armour         | 2 3 4 5 6 7 8 9 |  9.7
Axes           | 3 4 5 6 7 9 10 12 13 14 15 16 | 16.6
Dodging        | 2 3 4 |  4.2
Fighting       | 4 5 6 7 8 10 11 | 11.7
Shields        | 1 2 3 6 7 8 10 12 13 | 13.4
Throwing       | 1 3 |  3.9
Stealth        | 1 |  1.9
Crossbows      | 2 |  2.3
Evocations     | 1 |  1.0

Action                   |  1- 3 |  4- 6 |  7- 9 | 10-12 | 13-15 | 16-18 || total
-------------------------+-------+-------+-------+-------+-------+-------++-------
Melee: Hand axe          |    90 |   226 |   544 |       |       |       ||   860
       Broad axe         |       |       |     6 |   627 |  1184 |    19 ||  1836
       War axe           |       |       |       |       |    10 |       ||    10
 Fire: Hand crossbow     |       |       |       |    38 |       |       ||    38
Throw: Boomerang         |       |       |    11 |    19 |    37 |       ||    67
       Javelin           |       |       |       |       |    69 |       ||    69
Invok: Berserk           |     2 |     2 |    12 |    11 |    16 |     1 ||    44
       Trog's Hand       |       |     3 |     9 |     4 |    22 |     1 ||    39
       Brothers in Arms  |       |       |       |       |     2 |       ||     2
Evoke: Wand              |       |       |       |     1 |     6 |       ||     7
       Lightning rod     |       |       |       |       |     1 |       ||     1
       Box of beasts     |       |       |       |       |     1 |       ||     1
  Use: Scroll            |     1 |     8 |    14 |     4 |    16 |       ||    43
       Potion            |       |     5 |     5 |       |     6 |     1 ||    17
 Stab: Sleeping          |     1 |       |       |       |       |       ||     1
  Eat: Chunk             |     3 |     6 |    23 |    29 |    44 |       ||   105
       Ration            |       |     1 |     2 |     2 |     6 |       ||    11
Armor: Animal skin       |     4 |       |       |       |       |       ||     4
       Ring mail         |    23 |    63 |       |       |       |       ||    86
       Skin              |       |     7 |     7 |       |       |       ||    14
       Scale mail        |       |     6 |    15 |       |       |       ||    21
       Plate armour      |       |       |   158 |   303 |   423 |    11 ||   895
Dodge: Dodged            |    62 |   107 |    65 |   117 |   230 |    10 ||   591
Block: Shield            |       |    57 |   404 |   633 |  1118 |    37 ||  2249
       Reflection        |       |       |    13 |    39 |    39 |       ||    91

Table legend:
 A = Non-vault XP
 B = Vault XP
 C = Vault XP percentage of total XP
 D = Non-vault monster count
 E = Vault monster count
 F = Vault count percentage of total count
                 A         B        C        D         E       F
            +---------+---------+-------+---------+---------+-------
      Total |  108959 |   46472 |  29.9 |     684 |     248 |  26.6
            +---------+---------+-------+---------+---------+-------
        D:1 |      45 |       3 |   6.2 |      23 |       2 |   8.0
        D:2 |     120 |       0 |   0.0 |      24 |       0 |   0.0
        D:3 |     167 |     251 |  60.0 |      22 |       4 |  15.4
        D:4 |     258 |      37 |  12.5 |      16 |       1 |   5.9
        D:5 |     468 |     178 |  27.6 |      11 |       1 |   8.3
        D:6 |     949 |     284 |  23.0 |      39 |       3 |   7.1
        D:7 |    1342 |    1199 |  47.2 |      31 |      11 |  26.2
        D:8 |    1724 |    1082 |  38.6 |      38 |      12 |  24.0
        D:9 |    3598 |     985 |  21.5 |      37 |       4 |   9.8
       D:10 |    3876 |       0 |   0.0 |      26 |       0 |   0.0
       D:11 |    5315 |    2161 |  28.9 |      41 |      14 |  25.5
       D:12 |    4224 |       0 |   0.0 |      28 |       0 |   0.0
       D:13 |   10660 |     448 |   4.0 |      45 |       1 |   2.2
       D:14 |    8760 |    2548 |  22.5 |      24 |       5 |  17.2
       D:15 |    5953 |    6921 |  53.8 |      24 |      16 |  40.0
     Lair:1 |    2803 |    3255 |  53.7 |      15 |      19 |  55.9
     Lair:2 |    5181 |     661 |  11.3 |      18 |       3 |  14.3
     Lair:3 |    7081 |    1438 |  16.9 |      28 |       2 |   6.7
     Lair:4 |    5587 |       0 |   0.0 |      24 |       0 |   0.0
     Lair:5 |    4765 |    3093 |  39.4 |      19 |       6 |  24.0
     Lair:6 |    8695 |   11036 |  55.9 |      21 |      61 |  74.4
   Spider:1 |   12315 |    2822 |  18.6 |      38 |       1 |   2.6
   Spider:2 |    7248 |       0 |   0.0 |      24 |       0 |   0.0
      Orc:1 |    5645 |       0 |   0.0 |      44 |       0 |   0.0
      Orc:2 |    2180 |    7711 |  78.0 |      24 |      33 |  57.9
      Sewer |       0 |     359 | 100.0 |       0 |      49 | 100.0
            +---------+---------+-------+---------+---------+-------
